 Dungeon Crawl Stone Soup version 0.19-a0-1587-gaef70b6 (webtiles) character file.

4175 George the Cleaver (level 10, 0/94 HPs)
             Began as a Hill Orc Fighter on Sept 16, 2016.
             Was an Initiate of Qazlal.
             Shot with a bolt by an orc warrior (7 damage)
             ... in a bailey.
             The game lasted 00:17:44 (8440 turns).

George the Cleaver (Hill Orc Fighter)               Turns: 8440, Time: 00:17:45

Health: 0/94       AC: 18    Str: 20    XL:     10   Next: 28%
Magic:  2/2        EV:  9    Int:  8    God:    Qazlal [......]
Gold:   474        SH:  4    Dex: 15    Spells: 0 memorised, 9 levels left

rFire  . . .     SeeInvis .     x - +0 arbalest
rCold  + . .     Gourm    .     e - +5 scale mail of Wadgh {rC+ MP-9 Dex+2}
rNeg   + . .     Faith    .     (shield currently unavailable)
rPois  .         Spirit   .     q - +1 helmet
rElec  .         Dismiss  .     h - +0 cloak
rCorr  .         Reflect  .     (no gloves)
MR     +....     Harm     .     o - +0 pair of boots
Stlth  .......... Clarity  +    (no amulet) Rnd*Tele +
                                F - ring of protection from magic
                                i - ring of positive energy

@: no status effects
A: large bone plates 1, blurry vision 2, clarity, teleportitis 1, no device heal
1, subdued magic 1
a: Renounce Religion


You were in a bailey.
You worshipped Qazlal.
Qazlal was noncommittal.
You were hungry.

You visited 2 branches of the dungeon, and saw 9 of its levels.
You also visited: Ossuary and Bailey.

You collected 474 gold pieces.

Inventory:

Hand Weapons
 x - a +0 arbalest (weapon)
 B - a +1 morningstar of protection
 H - a +2 hand axe of freezing
Missiles
 I - 31 bolts (quivered)
Armour
 c - a +0 shield
 e - the +5 scale mail of Wadgh (worn) {rC+ MP-9 Dex+2}
   (You found it on level 4 of the Dungeon)

   It affects your dexterity (+2).
   It protects you from cold.
   It affects your magic capacity (-9).
 h - a +0 cloak (worn)
 o - a +0 pair of boots (worn)
 q - a +1 helmet (worn)
 w - a pearl dragon hide
 E - a +1 buckler of protection
Jewellery
 i - a ring of positive energy (left hand)
 D - a +2 ring of protection
 F - a ring of protection from magic (right hand)
Scrolls
 b - a scroll of fear
 k - 4 scrolls of remove curse
 l - a scroll of recharging
 m - a scroll of enchant weapon
 u - a scroll of immolation
 y - a scroll of teleportation
 z - 3 scrolls of identify
 A - a scroll of enchant armour
Potions
 a - a potion of ambrosia
 d - 3 potions of might
 j - 6 potions of curing
 r - 2 potions of magic
 s - 6 potions of flight
 t - 2 potions of haste
 v - a potion of heal wounds
 G - a potion of invisibility
Comestibles
 f - 5 bread rations
 g - 6 fruits
 n - 3 meat rations
 p - a beef jerky
 C - a slice of pizza


   Skills:
 + Level 10.5 Fighting
 + Level 11.2 Axes
 + Level 9.7 Armour
 - Level 3.2 Shields
 + Level 1.8 Invocations


You had 9 spell levels left.
You didn't know any spells.

Dungeon Overview and Level Annotations

Branches:
Dungeon (8/15)             Temple (1/1) D:7
   Lair: D:8-11

Altars:
Ashenzari
Cheibriados
Dithmenos
Elyvilon
Fedhas
Gozag
Hepliaklqana
Kikubaaqudgha
Makhleb
Nemelex Xobeh
Okawaru
Qazlal
Ru
Sif Muna
Trog
Uskayaw
Vehumet
Xom
Yredelemnul
Zin
The Shining One

Shops:
D:4 (

Annotations:
D:4 dig


Innate Abilities, Weirdness & Mutations

You are partially covered in large bone plates. (SH +4)
Scrolls take you longer to read.
You possess an exceptional clarity of mind.
You are occasionally teleported next to monsters.
Potions and wands are less effective at restoring your health.
Your spells are a little easier to cast, but a little less powerful.


Message History

An orc warrior comes into view. It is wielding an arbalest.
The orc warrior shouts! x2
The orc shoots a bolt.
The bolt hits you but does no damage.
The orc warrior shoots a bolt.
The bolt hits you but does no damage.
The orc warrior shoots a bolt.
The bolt hits you!
* * * LOW HITPOINT WARNING * * *
The orc warrior shoots a bolt.
The bolt hits you!
* * * LOW HITPOINT WARNING * * *
An orc comes into view. It is wielding an arbalest.
You see here 4 bolts.
The orc shoots a bolt.
The bolt hits you but does no damage.
The orc shoots a bolt.
The bolt barely misses you.
The orc shoots a bolt.
The bolt hits you but does no damage.
You see here 3 bolts.
Okay, then.
I - 31 bolts (gained 3)
The orc warrior shoots a bolt.
The bolt hits you.
* * * LOW HITPOINT WARNING * * *
The orc warrior shoots a bolt.
The bolt hits you!
You die...

#......≈##.##≈≈≈≈≈≈≈≈
#......≈o. o≈≈≈≈≈≈≈≈
#......≈## #
#......≈≈#o#
#......≈≈≈≈≈
#..((..≈≈≈≈≈
#......≈≈≈≈≈
#...(..≈≈≈≈o
#...@..≈≈≈≈o
#......≈≈≈≈≈
#......≈≈≈≈≈
#......≈≈≈≈≈
#......≈≈≈≈≈
#......≈≈≈≈≈
#......≈≈oo≈
#......≈≈≈≈≈


You could see 3 orc warriors and 3 orcs.

Vanquished Creatures
  Sigmund (D:2)
  8 spriggans (D:5)
  Menkaure (D:7)
  Duvessa (D:4)
  An ice beast (D:4)
  4 sky beasts
  An orc warrior (Bailey)
  2 ogres (D:6)
  A black bear (D:8)
  A big kobold (D:8)
  A bullfrog (D:6)
  Dowan (D:4)
  A wyvern zombie (D:7)
  2 scorpions (D:4)
  4 wights (D:6)
  A crimson imp (D:7)
  A quasit (D:5)
  3 orc priests
  A centaur zombie (D:7)
  3 hounds
  Crazy Yiuf (D:3)
  3 bullfrog zombies
  A bullfrog skeleton (D:5)
  Natasha (thrice) (D:4)
  Terence (D:2)
  2 iguanas
  5 orc wizards
  6 worker ants
  3 mummies (Ossuary)
  Robin (D:3)
  8 adders
  5 gnolls
  2 howler monkey skeletons
  A shadow imp (D:7)
  4 adder zombies (Ossuary)
  3 worms
  3 leopard geckos
  28 orcs
  10 giant cockroaches
  10 hobgoblins
  10 jackals
  9 kobolds
  A quokka (D:3)
  2 ball pythons
  8 bats
  5 frilled lizards
  15 goblins
  5 hobgoblin zombies (Ossuary)
  A jackal zombie (D:5)
  3 kobold zombies (Ossuary)
  A leopard gecko skeleton (D:7)
  An orc zombie (Ossuary)
  A quokka skeleton (D:6)
  2 quokka zombies
  10 rats
  5 rat zombies (Ossuary)
218 creatures vanquished.

Notes
Turn   | Place    | Note
-------+----------+-------------------------------------------
     0 | D:1      | George the Hill Orc Fighter began the quest for the Orb.
     0 | D:1      | Reached XP level 1. HP: 19/19 MP: 1/1
   105 | D:1      | Reached skill level 3 in Axes
   124 | D:1      | Reached XP level 2. HP: 27/27 MP: 2/2
   302 | D:1      | Reached XP level 3. HP: 33/33 MP: 3/3
   541 | D:2      | Found a white marble altar of Elyvilon.
   541 | D:2      | Noticed Terence
   564 | D:2      | Killed Terence
   564 | D:2      | Reached XP level 4. HP: 13/41 MP: 4/4
   596 | D:2      | Reached skill level 4 in Axes
  1030 | D:2      | Noticed Sigmund
  1248 | D:2      | Killed Sigmund
  1248 | D:2      | Reached skill level 5 in Fighting
  1248 | D:2      | Reached skill level 5 in Axes
  1248 | D:2      | Reached XP level 5. HP: 26/48 MP: 5/5
  1248 | D:2      | Reached XP level 6. HP: 30/56 MP: 6/6
  1417 | D:2      | Reached skill level 5 in Armour
  2063 | D:3      | Noticed Robin
  2082 | D:3      | Killed Robin
  2213 | D:3      | Found a runed door.
  2534 | D:3      | Noticed Crazy Yiuf
  2539 | D:3      | Killed Crazy Yiuf
  2625 | D:4      | Noticed an ice beast
  2639 | D:4      | Killed an ice beast
  2639 | D:4      | Reached XP level 7. HP: 54/63 MP: 7/7
  2642 | D:4      | Noticed Duvessa
  2645 | D:4      | Noticed Dowan
  2652 | D:4      | Killed Duvessa
  2652 | D:4      | Reached skill level 6 in Axes
  2681 | D:4      | Killed Dowan
  2710 | D:4      | Got a shimmering scale mail
  2727 | D:4      | Found a sand-covered staircase.
  2742 | D:4      | Identified the +5 scale mail of Wadgh {rC+ MP-9 Dex+2} (You found it on level 4 of the Dungeon)
  2746 | Ossuary  | Entered an ossuary
  3432 | D:4      | Reached skill level 7 in Axes
  3438 | D:4      | Reached XP level 8. HP: 73/73 MP: 0/8
  3719 | D:4      | Found Yclaosmo's Antique Weapon Boutique.
  3841 | D:4      | Noticed Natasha
  3849 | D:4      | Killed Natasha
  4037 | D:4      | Noticed Natasha
  4048 | D:4      | Killed Natasha
  4080 | D:4      | Noticed Natasha
  4086 | D:4      | Killed Natasha
  4107 | D:5      | Entered Level 5 of the Dungeon
  4722 | D:5      | Noticed a spriggan
  4732 | D:5      | Killed a spriggan
  4732 | D:5      | Reached skill level 8 in Axes
  4740 | D:5      | Noticed a spriggan
  4750 | D:5      | Noticed a spriggan
  4755 | D:5      | Killed a spriggan
  4760 | D:5      | Killed a spriggan
  4997 | D:5      | Noticed a spriggan
  4998 | D:5      | Noticed a spriggan
  5011 | D:5      | Reached XP level 9. HP: 14/82 MP: 0/9
  5014 | D:5      | Reached skill level 9 in Axes
  5979 | D:5      | Reached skill level 10 in Axes
  6689 | D:6      | Reached skill level 10 in Fighting
  6726 | D:6      | Reached XP level 10. HP: 93/93 MP: 1/10
  6730 | D:6      | Gained mutation: Scrolls take you a little longer to read. [mutagenic meat]
  6733 | D:6      | Gained mutation: Potions and wands are less effective at restoring your health. [mutagenic meat]
  6736 | D:6      | Gained mutation: Your muscles are strong. (Str +2) [mutagenic meat]
  6736 | D:6      | Gained mutation: Your magical capacity is low. (-10% MP) [potion of mutation]
  6736 | D:6      | Gained mutation: Your spells are a little easier to cast, but a little less powerful. [potion of mutation]
  7028 | D:6      | Gained mutation: You are partially covered in large bone plates. (SH +4) [mutagenic meat]
  7031 | D:6      | Gained mutation: You possess an exceptional clarity of mind. [mutagenic meat]
  7034 | D:6      | Lost mutation: Your magical capacity is low. (-10% MP) [mutagenic meat]
  7040 | D:6      | Lost mutation: Your muscles are strong. (Str +2) [mutagenic meat]
  7043 | D:6      | Gained mutation: You are occasionally teleported next to monsters. [mutagenic meat]
  7187 | D:7      | Reached skill level 11 in Axes
  7194 | D:7      | Gained mutation: Scrolls take you longer to read. [mutagenic meat]
  7452 | D:7      | Found a staircase to the Ecumenical Temple.
  7461 | Temple   | Entered the Ecumenical Temple
  7480 | Temple   | Became a worshipper of Qazlal Stormbringer
  7865 | D:7      | Noticed Menkaure
  7873 | D:7      | Killed Menkaure
  7940 | D:7      | Reached skill level 1 in Invocations
  8296 | D:8      | Found a flagged portal.
  8319 | Bailey   | Entered a bailey
  8440 | Bailey   | Shot with a bolt by an orc warrior

Vault maps used:
D:1:      dpeg_arrival_orchard
D:2:      elyvilon_altar_4, uniq_terence, uniq_sigmund
D:3:      kennysheep_six_static_rooms, first_bread, uniq_robin,
          uniq_crazy_yiuf_cottage
D:4:      serial_shops, nicolae_shop_stone, enter_ossuary_5,
          due_unseen_surprise, uniq_duvessa, uniq_natasha
D:5:      kb_forest_paths
D:7:      uniq_menkaure
D:8:      enter_bailey_2, blue_anna_alchemist
Temple:   nicolae_temple_the_god_donut
Ossuary:  ossuary_minmay_chase
Bailey:   bailey_polearm_2, bailey

Skill      XL: |  1  2  3  4  5  6  7  8  9 10 |
---------------+-------------------------------+-----
Axes           | 3 5 7 8 10 11 | 11.2
Fighting       | 4 5 6 7 8 10 | 10.5
Armour         | 4 5 6 7 9 |  9.7
Invocations    | 1 |  1.8
Shields        | |  3.2

Action                   |  1- 3 |  4- 6 |  7- 9 | 10-12 || total
-------------------------+-------+-------+-------+-------++-------
Melee: War axe           |    82 |   181 |   366 |       ||   629
       Hand axe          |       |       |    47 |   127 ||   174
 Fire: Arbalest          |       |       |       |     3 ||     3
  Use: Scroll            |       |    12 |     6 |     3 ||    21
       Potion            |       |       |     1 |     1 ||     2
  Eat: Chunk             |       |     7 |    13 |    13 ||    33
       Royal jelly       |       |       |       |     1 ||     1
Armor: Scale mail        |    39 |    87 |   238 |    62 ||   426
Dodge: Dodged            |    32 |    56 |   125 |    32 ||   245
Block: Shield            |    47 |   101 |   141 |       ||   289
       Buckler           |       |       |    16 |    62 ||    78
